Map: [G8] Ancient Cistern

Players

Maru - Winner!

  • Race: Terran Terran
  • Spawn Location: 7:00

ShoWTimE

  • Race: Protoss Protoss
  • Spawn Location: 1:00

Event: Gamers8 2023

VOD

Have the link to the VOD?

Description

Time

  • Played on: Aug. 3, 2023, 7:20 a.m.
  • Length: 6:41

All games in this series

Show
View Real Time Build Order
Export as new Build Order

Maru Terran - Winner!

Build Orders: 1/1/1, Cyclone Opening 

Get SALT Encoding   

  12  0:00  SCV  
  13  0:12  SCV  
  14  0:17  Supply Depot  
  14  0:24  SCV  
  15  0:38  SCV  
  15  0:39  Barracks  
  16  0:42  Refinery  
  16  0:51  SCV  
  16  0:52  Refinery  
  17  1:03  SCV  
  18  1:15  SCV  
  19  1:27  Reaper, Orbital Command  
  20  1:40  Factory  
  20  1:51  Supply Depot  
  20  1:53  SCV  
  21  2:02  Barracks Reactor  
  21  2:05  Bunker, SCV  
  22  2:17  SCV  
  23  2:29  Starport  
  25  2:31  SCV  
  25  2:36  Factory Tech Lab  
  23  2:40  Marine x2  
  26  2:44  SCV  
  26  2:47  Command Center  
  26  2:55  Cyclone  
  29  3:01  Supply Depot  
  29  3:04  Marine  
  30  3:06  Marine  
  31  3:22  Medivac, SCV  
  31  3:24  Supply Depot  
  31  3:25  Marine x2  
  36  3:33  Cyclone  
  39  3:45  Marine x2, SCV  
  41  3:55  Liberator  
  44  3:58  SCV  
  45  4:03  Marine x2  
  45  4:08  Orbital Command  
  47  4:10  SCV  
  48  4:18  Siege Tank  
  48  4:21  Marine x2  
  53  4:26  Supply Depot  
  53  4:33  SCV x2  
  53  4:38  Viking  
  57  4:39  Marine  
  57  4:45  SCV x2  
  60  4:55  Siege Tank  
  60  4:57  SCV x2  
  65  5:09  Viking, SCV  
  65  5:10  SCV  
  65  5:11  Supply Depot  
  69  5:15  Marine  
  70  5:32  Marine  
  70  5:33  Marine, SCV x2  
  70  5:34  Bunker  
  74  5:35  Bunker  
  74  5:39  Siege Tank  
  77  5:44  Bunker  
  77  5:45  SCV  
  78  5:50  Marine  
  78  5:51  Marine  
  78  5:52  Supply Depot  
  78  5:55  Viking  
  79  6:08  Marine  
  79  6:09  Marine  
  79  6:10  Bunker  
  83  6:23  SCV  
  84  6:28  SCV  
  83  6:34  Starport Tech Lab  
Show
View Real Time Build Order
Export as new Build Order

ShoWTimE Protoss 

Build Orders: 1 Gate Expand, Oracle Opening 

Get SALT Encoding   

  12  0:00  Probe  
  13  0:12  Probe  
  14  0:17  Pylon  
  14  0:24  Probe (Chrono Boost)  
  15  0:35  Gateway  
  15  0:36  Probe (Chrono Boost)  
  16  0:45  Probe (Chrono Boost)  
  16  0:46  Assimilator  
  17  0:51  Probe  
  18  1:03  Probe  
  19  1:15  Probe  
  20  1:22  Cybernetics Core  
  20  1:30  Nexus  
  20  1:33  Probe  
  21  1:40  Pylon  
  21  1:45  Probe  
  22  1:48  Assimilator  
  22  1:55  Adept (Chrono Boost)  
  22  1:57  Probe  
  25  2:09  Probe  
  26  2:16  Stalker (Chrono Boost)  
  26  2:22  Probe  
  29  2:30  Stargate  
  29  2:34  Probe  
  29  2:36  Warp Gate  
  30  2:43  Adept, Probe (Chrono Boost)  
  33  2:51  Probe (Chrono Boost)  
  34  2:52  Shield Battery  
  34  2:55  Probe (Chrono Boost)  
  35  3:00  Probe (Chrono Boost)  
  35  3:01  Probe (Chrono Boost)  
  35  3:04  Pylon  
  37  3:09  Probe  
  37  3:10  Probe  
  39  3:13  Adept  
  39  3:14  Oracle (Chrono Boost)  
  44  3:21  Probe  
  44  3:23  Probe  
  46  3:29  Gateway  
  46  3:33  Probe  
  47  3:35  Probe  
  47  3:39  Gateway  
  48  3:43  Oracle (Chrono Boost)  
  48  3:45  Probe  
  52  3:49  Probe  
  52  3:51  Pylon  
  53  3:56  Assimilator  
  53  3:57  Probe  
  53  3:59  Assimilator  
  54  4:08  Pylon  
  54  4:09  Probe  
  56  4:10  Probe  
  56  4:12  Robotics Facility  
  53  4:21  Phoenix, Probe  
  53  4:22  Probe  
  57  4:33  Probe  
  57  4:34  Sentry  
  57  4:35  Pylon, Stalker  
  62  4:41  Stalker  
  64  4:50  Phoenix  
  66  4:58  Immortal (Chrono Boost)  
  66  5:04  Probe x2  
  72  5:08  Nexus  
  72  5:11  Shield Battery  
  72  5:20  Phoenix  
  71  5:23  Twilight Council  
  71  5:27  Pylon  
  73  5:30  Stalker  
  77  5:43  Shield Battery  
  77  5:45  Pylon  
  77  5:46  Pylon  
  77  5:47  Shield Battery  
  76  5:50  Immortal  
  76  5:51  Pylon  
  76  5:55  Phoenix (Chrono Boost)  
  78  6:04  Pylon  
  78  6:10  Stalker x2  
  81  6:14  Probe  
  78  6:19  Phoenix (Chrono Boost)  
  78  6:21  Shield Battery  
Tags
 
Add a new tag
Caveats
  • Supply blocks, unpowered buildings, or Contaminate may cause inaccurate times.
  • Supply counts are checked every 10 seconds.